 Dungeon Crawl Stone Soup version 0.30-a0-51-g784eafce7f (webtiles) character file.

Game seed: 3297111326156153464

15796 LnG the Cleaver (level 12, -5/106 HPs)
             Began as a Hill Orc Fighter on Sept 5, 2022.
             Was a Follower of Uskayaw.
             Slain by a small abomination (11 damage)
             ... on level 1 of the Abyss.
             The game lasted 00:56:39 (15105 turns).

LnG the Cleaver (Hill Orc Fighter)                 Turns: 15105, Time: 00:56:39

Health: -5/106     AC: 17    Str: 24    XL:     12   Next: 30%
Magic:  12/12      EV:  9    Int:  8    God:    Uskayaw [*.....]
Gold:   834        SH: 15    Dex: 10    Spells: 11/11 levels left

rFire   + . .      SeeInvis .    y - +12 hand axe of Cunint Ilie {holy, rF+}
rCold   . . .      Faith    .    v - +0 tower shield
rNeg    . . .      Spirit   .    b - +0 scale mail
rPois   .          Reflect  .    H - +1 helmet
rElec   .          Harm     .    o - +0 cloak
rCorr   .          Rampage  .    L - +0 pair of gloves
Will    +....                    (no boots)
Stlth   +.........               (no amulet)
HPRegen 0.27/turn                e - +4 ring of protection
MPRegen 0.13/turn                i - ring of willpower

@: no status effects
A: no striking features
a: Renounce Religion, Stomp


You were on level 1 of the Abyss.
You worshipped Uskayaw.
Uskayaw was noncommittal.
You visited 3 branches of the dungeon, and saw 13 of its levels.
You visited the Abyss 1 time.
You also visited: Ossuary.

You collected 834 gold pieces.

Inventory:

Hand Weapons
 a - a +0 war axe of flaming
 y - the +12 hand axe of Cunint Ilie (weapon) {holy, rF+}
   (You found it on level 4 of the Dungeon)

   It has been blessed by the Shining One to cause great damage to the undead
   and demons.
   rF:        It protects you from fire.
Missiles
 G - 6 boomerangs (quivered)
Armour
 b - a +0 scale mail (worn)
 o - a +0 cloak (worn)
 v - a +0 tower shield (worn)
 H - a +1 helmet (worn)
 L - a +0 pair of gloves (worn)
Jewellery
 e - a +4 ring of protection (left hand)
 g - a ring of fire
 i - a ring of willpower (right hand)
 p - a ring of protection from cold
 B - a ring of resist corrosion
 N - an amulet of faith
Wands
 c - a wand of acid (6)
 h - a wand of paralysis (8)
 u - a wand of roots (14)
 I - a wand of flame (8)
Scrolls
 f - 2 scrolls of torment
 k - 3 scrolls of teleportation
 s - 3 scrolls of fog
 t - 3 scrolls of noise
 D - 2 scrolls of vulnerability
 F - a scroll of immolation
 K - 2 scrolls of fear
 M - a scroll of poison
Potions
 d - 2 potions of might
 j - a potion of berserk rage {unknown}
 l - 2 potions of ambrosia
 m - a potion of resistance {unknown}
 w - 8 potions of curing
 x - 4 potions of lignification {unknown}
 z - 2 potions of degeneration {unknown}
 A - 3 potions of cancellation {unknown}
 C - 3 potions of mutation {unknown}
 E - 4 potions of brilliance {unknown}
Miscellaneous
 J - a phantom mirror (inert)


   Skills:
 + Level 9.9 Fighting
 + Level 14.0 Axes
 + Level 0.3 Throwing
 + Level 9.7 Armour
 + Level 4.5 Dodging
 + Level 5.2 Stealth
 + Level 10.7 Shields


You had 11 spell levels left.
You didn't know any spells.
Your spell library contained the following spells:

 Spells                   Type           Power      Damage    Failure   Level
 Summon Small Mammal      Summ           0%         N/A       99%         1
 Blink                    Tloc           0%         N/A       100%        2
 Poisonous Vapours        Pois/Air       0%         N/A       100%        2
 Scorch                   Fire           0%         2d5       100%        2
 Static Discharge         Conj/Air       0%         3-3/arc   100%        2
 Call Canine Familiar     Summ           0%         N/A       100%        3
 Conjure Flame            Conj/Fire      0%         6-21      100%        3
 Ignite Poison            Fire/Tmut/Pois 0%         N/A       100%        3
 Lesser Beckoning         Tloc           0%         N/A       100%        3
 Summon Guardian Golem    Hex/Summ       0%         N/A       100%        3
 Tukima's Dance           Hex            0%         N/A       100%        3
 Animate Dead             Necr           0%         N/A       100%        4
 Corpse Rot               Necr/Pois/Air  0%         N/A       100%        4
 Flame Wave               Conj/Fire      0%         2d4       100%        4
 Leda's Liquefaction      Hex/Erth       0%         N/A       100%        4
 Passage of Golubria      Tloc           0%         N/A       100%        4
 Sticky Flame             Conj/Fire      0%         2d3       100%        4
 Borgnjor's Vile Clutch   Necr/Erth      0%         N/A       100%        5
 Fireball                 Conj/Fire      0%         3d3       100%        5
 Lightning Bolt           Conj/Air       0%         1d11      100%        5
 Manifold Assault         Tloc           0%         N/A       100%        5
 Yara's Violent Unravell  Hex/Tmut       0%         3d3       100%        5
 Death Channel            Necr           0%         N/A       100%        6
 Starburst                Conj/Fire      0%         6d3       100%        6
 Ignition                 Fire           0%         3d3       100%        8
 Maxwell's Capacitive Co  Air            0%         ∞         100%        8


Dungeon Overview and Level Annotations

Branches:
Dungeon (11/15)            Temple (1/1) D:7            Lair (0/5) D:10
    Orc (1/2) D:9         Ossuary (visited)

Altars:
Ashenzari
Cheibriados
Dithmenos
Elyvilon
Fedhas
Gozag
Hepliaklqana
Kikubaaqudgha
Makhleb
Nemelex Xobeh
Okawaru
Qazlal
Ru
Sif Muna
Trog
Uskayaw
Vehumet
Wu Jian
Xom
Yredelemnul
Zin
The Shining One

Shops:
D:9 ([

Annotations:
D:11 Psyche


Message History

The hellwing attacks as you move away! You block the hellwing's attack. x2
A small abomination comes into view.
The hellwing attacks as you move away! The hellwing barely misses you.
The hellwing hits you but does no damage.
The hellwing attacks as you move away! The hellwing barely misses you.
You block the hellwing's attack.
The hellwing hits you but does no damage.
You block the hellwing's attack. The hellwing attacks as you move away!
The hellwing hits you but does no damage.
You block the hellwing's attack.
The hellwing hits you but does no damage.
You block the hellwing's attack. The hellwing attacks as you move away!
The hellwing hits you but does no damage.
You block the hellwing's attack. The hellwing attacks as you move away!
The hellwing hits you but does no damage. x2
The hellwing attacks as you move away! You block the hellwing's attack.
The hellwing hits you but does no damage.
You block the hellwing's attack. x2
The hellwing attacks as you move away! The hellwing hits you!
* * * LOW HITPOINT WARNING * * *
The hellwing misses you.
Unknown command.
The hellwing hits you but does no damage. x2
The hellwing attacks as you move away! You block the hellwing's attack.
The hellwing hits you.
* * * LOW HITPOINT WARNING * * *
The hellwing attacks as you move away! You block the hellwing's attack. x2
There are monsters nearby!
As you read the scroll of fear, it crumbles to dust.
You assume a fearsome visage.
The hellwing looks frightened!
The small abomination is unaffected.
The iron imp looks frightened!
A tentacled starspawn comes into view.
The small abomination attacks as you move away!
The small abomination hits you but does no damage.
The small abomination attacks as you move away!
The small abomination hits you!
You die...

..#.#.#...# .#.
... ###.#.. # ..
# ##...#..# X##.
#.#..##..##
.....#.###..#...#
#......#..# .##
#.##.....# #
.#..#..x##.#.#
.......@.####.#
.....#..#.# ##
#.#. ##....# . #
.##...# # .#.#
#.. ..


You could see a tentacled starspawn and a small abomination.

Vanquished Creatures
  A boulder beetle (D:11)
  Fannar (D:11)
  Erica (D:8)
  3 two-headed ogres
  An orc knight (Orc:1)
  Pikel (D:9)
  An ugly thing (D:11)
  3 cyclopes
  A gargoyle (D:11)
  An unseen horror (D:10)
  2 trolls
  Prince Ribbit (D:8)
  Grinder (D:6)
  10 yaks
  2 wyverns
  2 wraiths
  3 steam dragons
  2 wargs (Orc:1)
  A water moccasin (D:5)
  10 orc warriors
  2 sky beasts
  2 hornet zombies (Ossuary)
  3 ice beasts
  6 ogres
  2 black bears
  7 centaurs
  A phantom (D:5)
  2 lemures (D:9)
  2 kobold brigands
  5 bullfrogs
  2 necrophages
  2 gnoll sergeants
  A scorpion (D:5)
  3 wyvern zombies (Ossuary)
  A water moccasin zombie (Ossuary)
  5 killer bees (D:7)
  4 howler monkeys
  7 bullfrog zombies (Ossuary)
  A jelly (D:8)
  5 hounds
  Crazy Yiuf (D:6)
  3 centaur zombies (Ossuary)
  3 orc priests
  2 gnoll boudas
  5 iguanas
  12 mummies (Ossuary)
  3 orc wizards
  18 gnolls
  10 adders
  A white imp (D:7)
  2 ufetubi
  2 worms (D:4)
  3 dart slugs
  32 orcs
  5 endoplasms
  3 giant cockroaches
  5 goblins
  2 hobgoblins (D:2)
  4 jackals (D:2)
  3 quokkas
  5 ball pythons
  4 bats (D:1)
  10 frilled lizards (D:3)
  9 kobolds
  10 rats
268 creatures vanquished.

Vanquished Creatures (collateral kills)
  A lemure (D:9)
1 creature vanquished.

Vanquished Creatures (others)
  12 plants
  3 withered plants (Ossuary)
15 creatures vanquished.

Grand Total: 284 creatures vanquished

Notes
Turn   | Place    | Note
-------+----------+-------------------------------------------
     0 | D:1      | LnG the Hill Orc Fighter began the quest for the Orb.
     0 | D:1      | Reached XP level 1. HP: 19/19 MP: 1/1
   340 | D:1      | Reached XP level 2. HP: 27/27 MP: 2/2
   542 | D:1      | Reached skill level 3 in Axes
  1080 | D:2      | Reached XP level 3. HP: 33/33 MP: 3/3
  1240 | D:2      | Identified the +7 dagger of Rezxuro {spect, rElec Str+5}
  1694 | D:3      | Reached XP level 4. HP: 40/40 MP: 4/4
  1951 | D:3      | Reached skill level 4 in Axes
  2125 | D:3      | Found a faded altar of an unknown god.
  2657 | D:4      | Reached XP level 5. HP: 46/47 MP: 5/5
  3017 | D:4      | Identified the +12 hand axe of Cunint Ilie {holy, rF+}
  3095 | D:4      | Reached skill level 5 in Axes
  3223 | D:4      | Reached XP level 6. HP: 51/53 MP: 6/6
  3265 | D:4      | Reached skill level 1 in Dodging
  3593 | D:5      | Entered Level 5 of the Dungeon
  3593 | D:5      | Noticed an ice beast
  3604 | D:5      | Reached skill level 6 in Axes
  3605 | D:5      | Killed an ice beast
  3606 | D:5      | Reached XP level 7. HP: 31/60 MP: 7/7
  4001 | D:5      | Reached skill level 7 in Axes
  4091 | D:5      | Reached skill level 5 in Shields
  4104 | D:5      | Reached skill level 5 in Armour
  4105 | D:5      | Reached skill level 5 in Fighting
  4107 | D:5      | Reached XP level 8. HP: 59/68 MP: 8/8
  4122 | D:5      | Reached skill level 8 in Axes
  4214 | D:5      | Found a broken altar of Ashenzari.
  4747 | D:6      | Reached skill level 9 in Axes
  4839 | D:6      | Found a white marble altar of Elyvilon.
  4841 | D:6      | Found an ornate altar of the Wu Jian Council.
  4879 | D:6      | Found a sand-covered staircase.
  4884 | Ossuary  | Entered an ossuary
  4920 | Ossuary  | Reached XP level 9. HP: 53/75 MP: 9/9
  4933 | Ossuary  | Reached skill level 10 in Axes
  5458 | D:6      | Noticed Grinder
  5467 | D:6      | Killed Grinder
  6056 | D:6      | Found a runed translucent door.
  6057 | D:6      | Noticed Crazy Yiuf
  6062 | D:6      | Killed Crazy Yiuf
  6218 | D:7      | Reached skill level 11 in Axes
  6659 | D:7      | Got the Folio of the Sneaky Prophets
  6675 | D:7      | Reached XP level 10. HP: 86/86 MP: 10/10
  6877 | D:7      | Found a staircase to the Ecumenical Temple.
  6886 | Temple   | Entered the Ecumenical Temple
  6935 | Temple   | Became a worshipper of Uskayaw the Reveller
  7147 | D:7      | Found a stormy altar of Qazlal.
  7148 | D:7      | Reached * piety under Uskayaw
  7539 | D:8      | Reached ** piety under Uskayaw
  7575 | D:8      | Reached *** piety under Uskayaw
  7578 | D:8      | Reached **** piety under Uskayaw
  7660 | D:8      | Noticed Erica
  7669 | D:8      | Reached skill level 1 in Stealth
  7671 | D:8      | HP: 3/88 [poisoned by Erica (bolt of poison)]
  7672 | D:9      | Noticed Pikel
  7672 | D:9      | HP: 1/88 [poisoned by Erica (bolt of poison)]
  7688 | D:9      | Noticed a two-headed ogre
  8053 | D:8      | Killed Erica
  8294 | D:8      | Noticed Prince Ribbit
  8304 | D:8      | Killed Prince Ribbit
  8719 | D:8      | Identified the +3 quarterstaff "Nizuw" {drain, Str+4 Dex-4}
  9017 | D:9      | Found a blossoming altar of Fedhas.
  9425 | D:9      | Noticed a two-headed ogre
  9571 | D:9      | Found Masyppuh's Armour Shoppe.
  9571 | D:9      | Found a staircase to the Orcish Mines.
  9571 | D:9      | Found Asud's Weapon Shoppe.
  9599 | D:9      | Reached skill level 12 in Axes
  9639 | D:9      | Reached ***** piety under Uskayaw
  9655 | D:9      | Killed Pikel
  9656 | D:9      | Reached XP level 11. HP: 46/95 MP: 11/11
  9665 | D:9      | Reached ****** piety under Uskayaw
  9840 | D:10     | Entered Level 10 of the Dungeon
  9923 | D:10     | Found a staircase to the Lair.
  9939 | D:10     | Found a bloodstained altar of Trog.
 10726 | D:10     | Found an iron altar of Okawaru.
 11203 | D:10     | Noticed a two-headed ogre
 11222 | D:10     | Killed a two-headed ogre
 11258 | D:10     | Found a sacrificial altar of Ru.
 11266 | D:10     | Found a shadowy altar of Dithmenos.
 11273 | D:10     | Found a hazy altar of Hepliaklqana.
 11331 | D:9      | Killed a two-headed ogre
 11601 | D:9      | Killed a two-headed ogre
 11923 | Orc:1    | Entered Level 1 of the Orcish Mines
 12714 | D:9      | Reached skill level 13 in Axes
 12977 | Orc:1    | Noticed a cyclops
 12992 | Orc:1    | Killed a cyclops
 12993 | Orc:1    | Reached skill level 10 in Shields
 13194 | Orc:1    | Noticed an orc knight
 13217 | Orc:1    | Killed an orc knight
 13793 | D:11     | Noticed a cyclops
 13802 | D:11     | Killed a cyclops
 14012 | D:11     | Noticed Fannar
 14012 | D:11     | Noticed a cyan ugly thing
 14022 | D:11     | Killed Fannar
 14023 | D:11     | Reached XP level 12. HP: 50/105 MP: 12/12
 14314 | D:11     | Noticed a boulder beetle
 14370 | D:10     | Reached skill level 5 in Stealth
 14695 | D:11     | Killed a boulder beetle
 14696 | D:11     | Reached skill level 14 in Axes
 14783 | D:11     | Noticed Psyche
 14796 | Abyss:1  | Cast into level 1 of the Abyss (Psyche)
 14807 | Abyss:1  | Noticed a thrashing horror
 14971 | Abyss:1  | Noticed a red very ugly thing
 14978 | Abyss:1  | Noticed a red very ugly thing
 14981 | Abyss:1  | Found a corrupted altar of Lugonu.
 15058 | Abyss:1  | HP: 5/106 [hellwing (4)]
 15086 | Abyss:1  | HP: 4/106 [hellwing (9)]
 15103 | Abyss:1  | Noticed a tentacled starspawn
 15105 | Abyss:1  | Slain by a small abomination

Illustrated notes

Levels and vault maps discovered:
D:1:      sevenhm_arrival_forest_fort_large_4, layout_loops_ring,
          minmay_pentomino_x2
D:2:      layout_basic, minmay_misc_feat_tiny
D:3:      layout_basic, dreamdust_ecumenical_altar_angels_and_demons,
          grunt_ministairs_7, minmay_lizard_king
D:4:      layout_loops_corners
D:5:      layout_loops_ring, minmay_ruined_shrine
D:6:      layout_loops_ring, grunt_temple_overflow_open, enter_ossuary_5,
          minmay_misc_feat_enclosed, uniq_grinder, uniq_crazy_yiuf_cottage
D:7:      layout_basic, marbit_many_paths, temple_hall
D:8:      layout_basic, uniq_erica, uniq_prince_ribbit1
D:9:      layout_gridville, fedhas_ov_isle_minmay, orc_david_3, uniq_pikel
D:10:     layout_loops_ring, mainiacjoe_overflow_paths, trog_antimagical,
          minmay_overflow_temple_star_quad, dpeg_oklobed_lair
D:11:     layout_basic, uniq_psyche, uniq_fannar
Temple:   hellmonk_temple_forest_ring
Orc:1:    layout_diamond_mine
Abyss:1:  base: D:3, hangedman_summoners_spam, hangedman_summoners_spam,
          bh_abyss_exit_spiral, minivault_11

Skill      XL: |  1  2  3  4  5  6  7  8  9 10 11 12 |
---------------+-------------------------------------+-----
Fighting       | 4 5 7 8 9 |  9.9
Axes           | 3 4 5 6 7 9 11 12 13 14 | 14.0
Shields        | 4 5 6 7 8 10 | 10.7
Armour         | 4 5 6 8 9 |  9.7
Dodging        | 1 2 3 4 |  4.5
Stealth        | 3 4 5 |  5.2
Throwing       | |  0.3

Action                   |  1- 3 |  4- 6 |  7- 9 | 10-12 || total
-------------------------+-------+-------+-------+-------++-------
Melee: War axe           |    94 |    81 |       |       ||   175
       Hand axe          |       |    37 |   204 |   379 ||   620
Throw: Boomerang         |       |       |       |     5 ||     5
Evoke: Phantom mirror    |       |       |       |     1 ||     1
  Use: Scroll            |       |       |    13 |    14 ||    27
       Potion            |       |       |       |     7 ||     7
 Stab: Paralysed         |       |       |       |    27 ||    27
Armor: Scale mail        |    56 |    64 |   109 |   189 ||   418
Dodge: Dodged            |    41 |    45 |    64 |   103 ||   253
Block: Buckler           |    23 |    12 |       |       ||    35
       Tower shield      |       |    56 |   153 |   330 ||   539

Table legend: (Time is in decaauts)
 A = Elapsed time spent in this place.
 B = Non-inter-level travel time spent in this place.
 C = Inter-level travel time spent in this place.
 D = Time resting spent in this place.
 E = Time spent auto-exploring this place.
 F = Levels seen in this place.
 G = Mean time per level.
                   A        B        C        D        E       F      G
               +--------+--------+--------+--------+--------+-----+--------+
         Total |  15223 |  14398 |    825 |   5237 |   4810 |  15 | 1014.9 |
       Dungeon |  13718 |  12906 |    812 |   4849 |   4635 |  11 | 1247.1 |
        Temple |    159 |    146 |     13 |      0 |    129 |   1 |  159.0 |
  Orcish Mines |    522 |    522 |      0 |    134 |      0 |   1 |  522.0 |
         Abyss |    269 |    269 |      0 |     39 |      0 |   1 |  269.0 |
       Ossuary |    553 |    553 |      0 |    215 |     46 |   1 |  553.0 |
               +--------+--------+--------+--------+--------+-----+--------+

Top non-repeatable levels by time:
     D:9: 2277 daAuts
     D:8: 1917 daAuts
    D:10: 1873 daAuts
     D:4: 1162 daAuts
     D:5: 1086 daAuts
     D:7: 1037 daAuts
     D:6: 1031 daAuts
     D:3: 1031 daAuts
     D:1: 1012 daAuts
    D:11: 795 daAuts
 Ossuary: 553 daAuts
   Orc:1: 522 daAuts
     D:2: 493 daAuts
 Abyss:1: 269 daAuts
  Temple: 159 daAuts
